[Event "Early-Titled-Tuesday-Blitz-March-12-2024"]
[Site "Chess.com"]
[Date "2024.03.12"]
[Round "7"]
[White "GMSrinath"]
[Black "Sanyura"]
[Result "1-0"]
[WhiteElo "2797"]
[BlackElo "2611"]
[TimeControl "180+1"]
[EndTime "9:15:44 PDT"]
[Termination "GMSrinath won by resignation"]

1. Nf3 Nf6 2. c4 g6 3. g3 Bg7 4. Bg2 O-O 5. O-O d6 6. d4 Nbd7 7.
Nc3 e5 8. e4 exd4 9. Nxd4 Nc5 10. Re1 Ng4 11. f4 c6 12. h3 Qb6 13. hxg4 Ne6 14.
Be3 Bxd4 15. Bxd4 Qxd4+ 16. Qxd4 Nxd4 17. Rad1 c5 18. g5 Be6 19. b3 a6 20. e5 dxe5 21.
Rxe5 Bg4 22. Rd3 Rad8 23. Kf2 b6 24. Nd5 Kg7 25. Nxb6 Nc6 26. Rxd8 Rxd8 27. Bxc6 Rd2+ 28. Ke3 Rxa2 29. Rxc5 Rb2 30. Ba4 Rg2 31. Rc7 Rxg3+ 32. Kd4 Rf3 33. Nd5 1-0

[Event "Early-Titled-Tuesday-Blitz-March-12-2024"]
[Site "Chess.com"]
[Date "2024.03.12"]
[Round "7"]
[White "GAO"]
[Black "willcab71"]
[Result "1-0"]
[WhiteElo "2316"]
[BlackElo "2134"]
[TimeControl "180+1"]
[EndTime "9:15:47 PDT"]
[Termination "GAO won by checkmate"]

1. a3 Nf6 2. b4 d5 3. Bb2 Nbd7 4. e3 g6 5. Nf3 Bg7 6. d4 O-O 7. c4 c6 8. Nc3 Re8 9. Qb3 e6 10. b5 Qc7 11. Be2 Ne4 12. O-O f5 13. a4 Ndf6 14. a5 a6 15. Ne5 Nxc3 16. Bxc3 Ne4 17. Be1 Bxe5 18. dxe5 Qxe5 19. Rd1 Qc7 20. f3 Nd6 21. b6 Qf7 22. Bg3 Nxc4 23. Bxc4 dxc4 24. Qxc4 e5 25. Qc5 f4 26. exf4 exf4 27. Bf2 Be6 28. Bd4 Bd5 29. Bb2 Qe7 30. Rxd5 cxd5 31. Qxd5+ Qe6 32.
Qxb7 Qe7 33. Qd5+ Qe6 34. Qb7 Qf7 35. Qc6 Rac8 36. Qa4 Qe7 37. Qa2+ Qe6 38. Qb1 Qe3+ 39. Kh1 Rcd8 40. Qa2+ Qe6 41. Qa3 Qd6 42. Qc3 Qd3 43. Qg7# 1-0

[Event "Early-Titled-Tuesday-Blitz-March-12-2024"]
[Site "Chess.com"]
[Date "2024.03.12"]
[Round "7"]
[White "LeRoidesChampions"]
[Black "Zhigalko_Sergei"]
[Result "1-0"]
[WhiteElo "2651"]
[BlackElo "2834"]
[TimeControl "180+1"]
[EndTime "9:15:50 PDT"]
[Termination "LeRoidesChampions won on time"]

1. d4 Nf6 2. Bg5 e6 3. e4 h6 4. Bxf6 Qxf6 5. c3 d6 6. Bd3 e5 7. Ne2 Nc6 8. O-O g5 9. Na3 Bd7 10.
Qb3 Rb8 11. Nb5 Qd8 12. d5 a6 13. dxc6 bxc6 14. Bc4 axb5 15. Bxf7+ Ke7 16. Bh5 Be6 17. Qc2 Bg7 18. Ng3 Rf8 19. h3 Rf6 20. Bg4 Bc4 21.
Rfe1 Kf8 22. Nh5 Rf4 23. Nxf4 exf4 24. e5 Bxe5 25. Qh7 Bg7 26. Be6 Bxe6 27. Rxe6 Qd7 28. Rf6+ Bxf6 29. Qxd7 1-0

[Event "Early-Titled-Tuesday-Blitz-March-12-2024"]
[Site "Chess.com"]
[Date "2024.03.12"]
[Round "7"]
[White "VD_coach"]
[Black "effefe"]
[Result "1-0"]
[WhiteElo "2516"]
[BlackElo "2397"]
[TimeControl "180+1"]
[EndTime "9:15:51 PDT"]
[Termination "VD_coach won on time"]

1. d4 Nf6 2. Nf3 g6 3. c4 Bg7 4.
Nc3 O-O 5. g3 d6 6. Bg2 Nc6 7.
O-O Bf5 8. h3 Ne4 9. Nxe4 Bxe4 10.
Be3 e5 11. d5 Ne7 12. Rc1 h6 13. Qd2 Kh7 14. Rfd1 f5 15. c5 Nxd5 16. cxd6 cxd6 17. Nh4 Bxg2 18. Nxg2 Nxe3 19. Nxe3 f4 20. Nd5 fxg3 21. fxg3 Qd7 22. Kg2 Qf5 23. Qe3 Rf7 24. Rf1 Qe6 25. Rxf7 Qxf7 26. Qf3 Qxf3+ 27. exf3 Kh8 28. Rc7 Rb8 29.
Kf2 e4 30. fxe4 Bxb2 31. Ne7 g5 32. Nf5 h5 33. Nxd6 h4 34. gxh4 gxh4 35. Ke3 Kg8 36. Nf5 Be5 37. Re7 Bg3 38. Rg7+ Kf8 39. Rg4 Be1 40. Ke2 1-0

[Event "Early-Titled-Tuesday-Blitz-March-12-2024"]
[Site "Chess.com"]
[Date "2024.03.12"]
[Round "7"]
[White "DenLaz"]
[Black "MatthewG-p4p"]
[Result "1-0"]
[WhiteElo "3046"]
[BlackElo "2885"]
[TimeControl "180+1"]
[EndTime "9:15:53 PDT"]
[Termination "DenLaz won by checkmate"]

1. d4 Nf6 2. c4 c5 3. d5 e6 4. Nc3 exd5 5. cxd5 d6 6. e4 g6 7. h3 Bg7 8. Nf3 O-O 9. Bd3 b5 10. Bxb5 Nxe4 11. Nxe4 Qa5+ 12. Nfd2 Qxb5 13. Nxd6 Qa6 14.
N2c4 Nd7 15. O-O Ne5 16. Nxc8 Raxc8 17. Nxe5 Bxe5 18. Re1 Qd6 19. Bg5 Rfe8 20. Re2 f6 21.
Be3 Rcd8 22. Rd2 Bf4 23. Bxf4 Qxf4 24. Rc1 Re5 25. d6 Re6 26. d7 Qe5 27. Qb3 Kg7 28. Rcd1 Rb6 29. Qc4 Qc7 30. b3 h5 31.
Rd5 Rc6 32. Qe4 Kf7 33. Re1 Kg7 34. Qe7+ Kh6 35. h4 c4 36. bxc4 Rxc4 37. Qxf6 Rxd7 38. Rxh5+ Kxh5 39. Qg5# 1-0

[Event "Early-Titled-Tuesday-Blitz-March-12-2024"]
[Site "Chess.com"]
[Date "2024.03.12"]
[Round "7"]
[White "IMRosen"]
[Black "zajka-molotok"]
[Result "0-1"]
[WhiteElo "2701"]
[BlackElo "2543"]
[TimeControl "180+1"]
[EndTime "9:15:54 PDT"]
[Termination "zajka-molotok won on time"]

1. e4 c5 2. Nc3 Nc6 3. Bb5 g6 4. Bxc6 dxc6 5. d3 Bg7 6. f4 e5 7. Nf3 exf4 8. Bxf4 Ne7 9. O-O O-O 10. Qe1 Be6 11. Qh4 Nc8 12. Bg5 f6 13. Be3 b6 14.
a4 a5 15. Rae1 Nd6 16. b3 f5 17. Bg5 Qd7 18. e5 Nf7 19. Bf6 Bxf6 20. exf6 Rae8 21. Ne2 Bd5 22. Nd2 Qd8 23. Nf4 g5 24. Qg3 Qxf6 25.
c4 Be6 26. h4 h6 27. Nf3 Bc8 28. hxg5 hxg5 29. Nh3 f4 30. Qf2 g4 31. Nhg5 gxf3 32. Nxf3 Ng5 0-1

[Event "Early-Titled-Tuesday-Blitz-March-12-2024"]
[Site "Chess.com"]
[Date "2024.03.12"]
[Round "7"]
[White "Flawless_Fighter"]
[Black "dropstoneDP"]
[Result "1/2-1/2"]
[WhiteElo "2855"]
[BlackElo "2995"]
[TimeControl "180+1"]
[EndTime "9:15:56 PDT"]
[Termination "Game drawn by repetition"]

1. e4 e5 2. Nf3 Nf6 3. Nc3 Nc6 4. Bb5 Nd4 5. O-O c6 6. Bd3 Nxf3+ 7. Qxf3 Bc5 8. Qg3 O-O 9. Be2 d5 10. d3 Kh8 11. Bg5 Bd4 12. Kh1 h6 13. Bxf6 Qxf6 14.
exd5 Bxc3 15. bxc3 cxd5 16. Rab1 b6 17. Bf3 Be6 18.
Rfe1 Rac8 19. Qxe5 Qxe5 20. Rxe5 Rxc3 21. Rb2 Rfc8 22.
Bd1 g5 23. g3 Kg7 24. Kg2 Kf6 25. Re3 d4 26. Re1 Bd5+ 27. Kh3 Be6+ 28. Kg2 Bd5+ 29.
Kh3 Be6+ 30. Kg2 1/2-1/2

[Event "Early-Titled-Tuesday-Blitz-March-12-2024"]
[Site "Chess.com"]
[Date "2024.03.12"]
[Round "7"]
[White "Seochesspie"]
[Black "sergoy"]
[Result "0-1"]
[WhiteElo "2872"]
[BlackElo "3019"]
[TimeControl "180+1"]
[EndTime "9:16:01 PDT"]
[Termination "sergoy won on time"]

1. e4 c5 2. Nf3 d6 3. d4 cxd4 4. Qxd4 Nc6 5. Bb5 Bd7 6. Qd3 Nf6 7. c4 g6 8. Nc3 Bg7 9. O-O O-O 10. Bxc6 Bxc6 11. Nd4 Rc8 12. b3 Qa5 13. Bd2 Qe5 14. Nxc6 bxc6 15. f4 Qc5+ 16. Be3 Qa5 17. Na4 Ng4 18.
Bd2 Qd8 19. Rae1 d5 20. cxd5 cxd5 21. exd5 Qd7 22. Bb4 Rfe8 23. h3 Nf6 24. d6 exd6 25. Qxd6 Qb7 26. Rxe8+ Rxe8 27. a3 Ne4 28. Qd3 Qc7 29. Kh2 h5 30. Be1 Bh6 31. Qf3 Bg7 32. Kh1 Qc2 33. Qe3 Rb8 34. f5 Rxb3 35. Qxa7 Be5 36. Qg1 Rb1 0-1

[Event "Early-Titled-Tuesday-Blitz-March-12-2024"]
[Site "Chess.com"]
[Date "2024.03.12"]
[Round "7"]
[White "Egor_Koshulyan"]
[Black "PabloZarnicki"]
[Result "1-0"]
[WhiteElo "2767"]
[BlackElo "2595"]
[TimeControl "180+1"]
[EndTime "9:16:02 PDT"]
[Termination "Egor_Koshulyan won on time"]

1. f4 Nf6 2. Nf3 g6 3. g3 Bg7 4. Bg2 O-O 5. O-O c5 6. d3 d5 7.
Ne5 Nc6 8. e4 dxe4 9. Nxc6 bxc6 10. dxe4 Qb6 11. Na3 Rd8 12. Qe1 Ba6 13. Rf3 c4+ 14.
Kh1 Ng4 15. h3 Nh6 16. f5 gxf5 17. exf5 c3 18. bxc3 Qc5 19. g4 Rab8 20. Rb1 Rxb1 21. Nxb1 Qc4 22. Nd2 Qxa2 23. g5 Nxf5 24. Rxf5 Qxc2 25.
Be4 Qxc3 26. Rf3 Qb4 27. Qh4 Rd4 28. Qxh7+ Kf8 29. Qf5 Bc4 30. Qc8+ 1-0

[Event "Early-Titled-Tuesday-Blitz-March-12-2024"]
[Site "Chess.com"]
[Date "2024.03.12"]
[Round "7"]
[White "GilbertoHernandezAmura"]
[Black "bobo_panda"]
[Result "0-1"]
[WhiteElo "2446"]
[BlackElo "2311"]
[TimeControl "180+1"]
[EndTime "9:16:04 PDT"]
[Termination "bobo_panda won by resignation"]

1. e4 e6 2. d3 c5 3. Nf3 Nc6 4. g3 g6 5. Bg2 Bg7 6. O-O Nge7 7. Qe2 O-O 8. Re1 d6 9. a4 a6 10. Na3 b5 11. Be3 Bxb2 12. Ra2 Bg7 13. Bd2 Bd7 14.
c3 bxa4 15. Nc4 d5 16. exd5 Nxd5 17. Nfe5 Nce7 18. h4 Bb5 19. Nb2 Nc6 20. Nf3 Nxc3 21.
Bxc3 Bxc3 22. Nc4 Rb8 23. Rd1 Nd4 24. Nxd4 Bxd4 25. h5 Qg5 26. Kf1 Bxc4 27. dxc4 Rb4 28. g4 Rfb8 29. Bc6 gxh5 30. gxh5 Kh8 31. Bxa4 Rg8 32. Ke1 Bc3+ 33. Rdd2 Qg1+ 34. Qf1 Rb1+ 0-1

[Event "Early-Titled-Tuesday-Blitz-March-12-2024"]
[Site "Chess.com"]
[Date "2024.03.12"]
[Round "7"]
[White "suspiciumchess"]
[Black "masnyszachistaaa"]
[Result "0-1"]
[WhiteElo "2401"]
[BlackElo "2554"]
[TimeControl "180+1"]
[EndTime "9:16:05 PDT"]
[Termination "masnyszachistaaa won on time"]

1. c4 e6 2. Nf3 d5 3. g3 Nf6 4.
Bg2 d4 5. e3 c5 6. O-O Nc6 7. exd4 cxd4 8. d3 h6 9. Na3 Bd6 10. Nc2 e5 11. b4 O-O 12. c5 Bc7 13. b5 Ne7 14. Nb4 Ng6 15. Re1 Re8 16. Ba3 Bg4 17. Qc2 Rc8 18. Nd2 Rb8 19. c6 Bd6 20.
cxb7 Bxb4 21. Bxb4 Nd5 22. Qc5 Be6 23. Nb3 Rxb7 24.
Ba5 Qd7 25. Qa3 Rxb5 26. Nc5 Qd6 27. Rec1 Rc8 28. Nxe6 Qxa3 29. Rxc8+ Kh7 30. Be4 fxe6 31. Bd2 Rc5 0-1

[Event "Early-Titled-Tuesday-Blitz-March-12-2024"]
[Site "Chess.com"]
[Date "2024.03.12"]
[Round "7"]
[White "Mops_2004"]
[Black "BilodeauA"]
[Result "0-1"]
[WhiteElo "2850"]
[BlackElo "3003"]
[TimeControl "180+1"]
[EndTime "9:16:07 PDT"]
[Termination "BilodeauA won on time"]

1. g3 e5 2. Bg2 Nc6 3. d3 d5 4. a3 a5 5. Nc3 Nf6 6. Bg5 Be6 7. e4 dxe4 8. dxe4 Qxd1+ 9. Rxd1 Nd4 10. Rd2 c6 11. Nge2 Nxe2 12. Nxe2 Nd7 13. Nc1 Bc5 14. Nd3 Bb6 15. Rd1 f6 16. Bd2 a4 17. Ke2 O-O-O 18. Be3 Bc4 19. Bxb6 Nxb6 20. f3 Kc7 21. Bf1 Rd6 22.
Ke3 Rhd8 23. Be2 Bb5 24. Nc5 Nc4+ 25. Kf2 Nxb2 26. Rxd6 Rxd6 27. Bxb5 cxb5 28. Rb1 Nd1+ 29. Ke1 Nc3 30. Ra1 f5 31. exf5 Nd5 32. Rd1 Kc6 33.
Ne6 g6 0-1

[Event "Early-Titled-Tuesday-Blitz-March-12-2024"]
[Site "Chess.com"]
[Date "2024.03.12"]
[Round "7"]
[White "Ginger_GM"]
[Black "Peng_Li-Min"]
[Result "0-1"]
[WhiteElo "2590"]
[BlackElo "2814"]
[TimeControl "180+1"]
[EndTime "9:16:08 PDT"]
[Termination "Peng_Li-Min won by resignation"]

1. d4 e6 2. Nf3 d5 3. c4 Nf6 4.
Nc3 dxc4 5. e4 b5 6. e5 Nd5 7. Nxb5 Nb6 8. Be2 Nc6 9. O-O Be7 10. Qd2 O-O 11. Qf4 Rb8 12. Nc3 Nb4 13. Qg3 Kh8 14. h4 Nc2 15. Rb1 Nxd4 16. Nxd4 Qxd4 17. Bf4 Nd5 18. Nxd5 exd5 19. Rfd1 Qc5 20. Be3 Qa5 21. h5 Bf5 22. h6 Rg8 23. e6 fxe6 24. hxg7+ Rxg7 25. Bd4 Rg8 26. Rbc1 Bd6 27. Bxg7+ Rxg7 28. Qh4 Be7 29. Qh5 Bf6 30. b3 c3 31. Bf3 c2 32.
Rxd5 Qa3 33. Rxc2 Bxc2 34. Rc5 Bg6 35. Qh6 Qxc5 0-1

[Event "Early-Titled-Tuesday-Blitz-March-12-2024"]
[Site "Chess.com"]
[Date "2024.03.12"]
[Round "7"]
[White "Chessmissile07"]
[Black "matagordo"]
[Result "0-1"]
[WhiteElo "2897"]
[BlackElo "2282"]
[TimeControl "180+1"]
[EndTime "9:16:08 PDT"]
[Termination "matagordo won on time"]

1. a3 e6 2. c4 Nf6 3. g3 d5 4. Bg2 c6 5. Qc2 Be7 6. Nf3 O-O 7. O-O Nbd7 8. d3 a6 9. Nc3 h6 10. b4 b6 11. e4 Bb7 12. Bb2 Rc8 13. Rfe1 Re8 14.
Rad1 Kh8 15. Ne2 Nf8 16. Nf4 Qd7 17. Ne5 Qc7 18. Nxf7+ Kg8 19. Ne5 Bd6 20. Nfg6 N6d7 21. f4 Red8 22. Qf2 dxc4 23. Nxf8 Nxf8 24. Nxc4 c5 25. Nxd6 Qxd6 26. Be5 Qc6 27. bxc5 bxc5 28. Bc3 Qa4 29. Qb2 Rd7 30. Bh3 Rcd8 31. Be5 Bxe4 32.
Rd2 Bxd3 33. Red1 Bb5 34. Rxd7 Rxd7 35. Rxd7 Bxd7 36. Bxg7 Qd1+ 37. Bf1 Bb5 0-1

[Event "Early-Titled-Tuesday-Blitz-March-12-2024"]
[Site "Chess.com"]
[Date "2024.03.12"]
[Round "7"]
[White "manitodeplomo"]
[Black "Koalaskakistis"]
[Result "1-0"]
[WhiteElo "2731"]
[BlackElo "2530"]
[TimeControl "180+1"]
[EndTime "9:16:09 PDT"]
[Termination "manitodeplomo won by resignation"]

1. d4 Nf6 2. c4 g6 3. Nc3 Bg7 4.
e4 O-O 5. Be2 d6 6. Nf3 e5 7. d5 Na6 8. Be3 Nc5 9. Nd2 a5 10. O-O h5 11. f3 h4 12. a3 Nh5 13. b4 Na6 14. Re1 Nf4 15. Bf1 Qg5 16. Kh1 Qh5 17. c5 Bd7 18. c6 bxc6 19. dxc6 Be6 20. b5 Nc5 21. Nc4 f5 22. b6 fxe4 23. fxe4 Bg4 24. Qc2 h3 25. g3 Ng2 26. b7 Rab8 27.
Bxc5 Nxe1 28. Rxe1 dxc5 29. Nd5 Kh7 30. Kg1 Bh6 31. Qd3 Rf7 32. Be2 Rbf8 33. Bxg4 Qxg4 34. Nxe5 Qg5 35. Nxf7 Rxf7 36. Rf1 Qe3+ 37. Nxe3 Bxe3+ 38. Qxe3 1-0

[Event "Early-Titled-Tuesday-Blitz-March-12-2024"]
[Site "Chess.com"]
[Date "2024.03.12"]
[Round "7"]
[White "David_ATM"]
[Black "IsaqueGoncalvesSanto"]
[Result "1-0"]
[WhiteElo "2373"]
[BlackElo "1817"]
[TimeControl "180+1"]
[EndTime "9:16:10 PDT"]
[Termination "David_ATM won on time"]

1. e4 e6 2. d4 d5 3. exd5 exd5 4. Bd3 Bd6 5. Qf3 Ne7 6. Ne2 Nbc6 7. c3 Be6 8. O-O Qd7 9. Bf4 Bxf4 10. Nxf4 Bg4 11. Qg3 O-O-O 12. a4 g5 13. Ne2 h5 14. Qe3 f5 15.
Qxg5 Rdg8 16. Qd2 h4 17. Nf4 h3 18. g3 Bf3 19. Re1 Rg4 20. Qe3 Be4 21. f3 Bxd3 22. Nxd3 Rg7 23. Ne5 Qd6 24. f4 Rhg8 25. Nxc6 Nxc6 26. Qe6+ Qxe6 27. Rxe6 Kd7 28. Re1 Re7 29.
Nd2 Rge8 30. Kf2 Na5 31. b4 Nc6 32. Nf3 Re4 33. Ng5 Rxe1 34. Rxe1 Rh8 35. Nf7 Nd8 36.
Nxh8 1-0

[Event "Early-Titled-Tuesday-Blitz-March-12-2024"]
[Site "Chess.com"]
[Date "2024.03.12"]
[Round "7"]
[White "GothamChess"]
[Black "Zohid6"]
[Result "0-1"]
[WhiteElo "2685"]
[BlackElo "2900"]
[TimeControl "180+1"]
[EndTime "9:16:13 PDT"]
[Termination "Zohid6 won by checkmate"]

1. c4 e6 2. Nf3 d5 3. e3 Nf6 4.
Nc3 c6 5. b3 Be7 6. Bb2 O-O 7.
Qc2 Nbd7 8. g4 Nc5 9. g5 Nfe4 10. Rg1 a5 11. d3 Nd6 12. d4 Nce4 13. Bd3 b5 14. c5 Nf5 15. Nxe4 dxe4 16. Bxe4 Bb7 17. Ne5 Qc7 18. Bxf5 exf5 19. Qxf5 Rad8 20. Rd1 b4 21. Rg3 Bc8 22. Qe4 Rd5 23. h4 Rfd8 24. Rc1 a4 25. h5 a3 26. Ba1 Bf8 27. Rc4 Be6 28. Rc1 Qc8 29. g6 fxg6 30. hxg6 h6 31. Kf1 Re8 32.
Qf4 Qc7 33. Nd3 Qb7 34. e4 Rh5 35. Kg1 Be7 36. d5 cxd5 37. c6 Qc8 38. exd5 Bxd5 39. Qd4 Rh1# 0-1

[Event "Early-Titled-Tuesday-Blitz-March-12-2024"]
[Site "Chess.com"]
[Date "2024.03.12"]
[Round "7"]
[White "LiadCuba"]
[Black "ahkashefi2800"]
[Result "1-0"]
[WhiteElo "2529"]
[BlackElo "2629"]
[TimeControl "180+1"]
[EndTime "9:16:13 PDT"]
[Termination "LiadCuba won on time"]

1. d4 d5 2. c4 c6 3. cxd5 cxd5 4. Nc3 Nf6 5. f3 Nc6 6. e4 e6 7. e5 Nd7 8. f4 a6 9. Nf3 b5 10. Bd3 Bb7 11. O-O Rc8 12. Kh1 g6 13. g4 h5 14.
gxh5 Rxh5 15. Rg1 Be7 16. Rxg6 Nf8 17. Rg7 Qb6 18. Be3 Rh3 19. Qf1 Rh8 20. Rd1 Nd8 21.
Ng5 b4 22. Ne2 b3 23. axb3 Qxb3 24. f5 Bxg5 25. Bxg5 Rh3 26. Nf4 Rh7 27. Rxh7 Nxh7 28. Bxd8 Kxd8 29. fxe6 Ng5 30. exf7 Nxf7 31. Ne6+ Ke8 32.
Bg6 Kd7 33. Qxf7+ Kc6 34. Qf1 Kb6 35. Bf5 Rg8 36. Nc5 Qc4 37. Qxc4 dxc4+ 38. Nxb7 Kxb7 39.
d5 1-0

[Event "Early-Titled-Tuesday-Blitz-March-12-2024"]
[Site "Chess.com"]
[Date "2024.03.12"]
[Round "7"]
[White "enriquebutti"]
[Black "KetiTsatsalashvili"]
[Result "0-1"]
[WhiteElo "2216"]
[BlackElo "2431"]
[TimeControl "180+1"]
[EndTime "9:16:17 PDT"]
[Termination "KetiTsatsalashvili won by resignation"]

1. d4 Nf6 2. Nf3 d6 3. c4 g6 4. Nc3 Bg7 5. Bg5 O-O 6. e3 h6 7. Bh4 Nbd7 8. Be2 c6 9. O-O a6 10. Qc2 b5 11. a3 e5 12. Rfd1 Qc7 13. Rac1 bxc4 14. Bxc4 d5 15. Be2 e4 16. Bg3 Qb7 17.
Ne5 Nxe5 18. Bxe5 Bd7 19. Na4 Bg4 20. Bxg4 Nxg4 21. Bxg7 Kxg7 22. h3 Nf6 23. Qxc6 Qb3 24. Qc2 Qb5 25. Nc5 a5 26. b3 h5 27. a4 Qb6 28.
Qc3 g5 29. g3 Rh8 30. Rb1 Rab8 31. Rd2 Qd8 32. b4 axb4 33. Rxb4 Rxb4 34. Qxb4 Qc8 35.
Kg2 h4 36. Qb7 Qf5 37. g4 Qf3+ 38. Kh2 Nxg4+ 39. hxg4 h3 40. Ne6+ Kh6 0-1

[Event "Early-Titled-Tuesday-Blitz-March-12-2024"]
[Site "Chess.com"]
[Date "2024.03.12"]
[Round "7"]
[White "omeganebulapegasus"]
[Black "laziestwin"]
[Result "1-0"]
[WhiteElo "2811"]
[BlackElo "2577"]
[TimeControl "180+1"]
[EndTime "9:16:19 PDT"]
[Termination "omeganebulapegasus won on time"]

1. d4 d6 2. Nf3 g6 3. g3 Bg7 4.
Bg2 Nf6 5. O-O O-O 6. c4 Nc6 7. Nc3 a6 8. b3 e5 9. dxe5 dxe5 10. Bg5 Be6 11. Nd5 Bxd5 12. Bxf6 Bxf6 13. cxd5 Nd4 14.
Nd2 Bg7 15. Rc1 Re8 16. e3 Nb5 17. Qc2 Rc8 18. Nc4 Nd6 19. Bh3 f5 20. Qe2 e4 21.
Rfd1 Qd7 22. Qc2 Red8 23. a4 Kh8 24. Bf1 h5 25. h4 Kh7 26. Be2 Nxc4 27. bxc4 b6 28.
c5 bxc5 29. Bxa6 Rb8 30. Bb5 Qd6 31. Qxc5 Qxc5 32. Rxc5 Rb7 33. Rdc1 Be5 34. Rc6 Bd6 35. Kg2 Ra8 36. R1c4 Kg7 37. f3 exf3+ 38. Kxf3 Kf6 39. e4 fxe4+ 40. Rxe4 Kg7 41. Re6 Rf8+ 42. Kg2 Rf6 43. Rc2 Ra7 44. Rf2 Rxe6 45. dxe6 Kg8 46. Rf7 Bc5 47. e7 1-0

[Event "Early-Titled-Tuesday-Blitz-March-12-2024"]
[Site "Chess.com"]
[Date "2024.03.12"]
[Round "7"]
[White "Hanging_pointer"]
[Black "FaustinoOro"]
[Result "1-0"]
[WhiteElo "2717"]
[BlackElo "2893"]
[TimeControl "180+1"]
[EndTime "9:16:25 PDT"]
[Termination "Hanging_pointer won by resignation"]

1. d4 Nf6 2. c4 e6 3. Nf3 d5 4. Nc3 Bb4 5. Bg5 h6 6. Bxf6 Qxf6 7. Qa4+ Nc6 8. Ne5 Bxc3+ 9. bxc3 O-O 10. Nxc6 Bd7 11. cxd5 exd5 12. e3 Bxc6 13. Qc2 Qg5 14. g3 Bd7 15. Bg2 c6 16. O-O Rfe8 17. a4 a5 18. c4 dxc4 19. Qxc4 Be6 20. Qc3 Qe7 21.
Rab1 Reb8 22. Rb6 Bf5 23. Qb2 Qc7 24. Rc1 Bc8 25. d5 c5 26. d6 Qd7 27. Qe5 Qxa4 28.
Qxc5 Be6 29. Bxb7 Rxb7 30. Rxb7 Qe4 31. Re7 Rd8 32. d7 Rxd7 33. Re8+ Kh7 34. h4 Qf3 35.
Qc2+ Bf5 36. Qc4 Bh3 37. Qe4+ Qxe4 38. Rxe4 Ra7 39. Ra1 Bd7 40. Re7 a4 41. Rd1 1-0

[Event "Early-Titled-Tuesday-Blitz-March-12-2024"]
[Site "Chess.com"]
[Date "2024.03.12"]
[Round "7"]
[White "Jospem"]
[Black "Firouzja2003"]
[Result "1-0"]
[WhiteElo "3134"]
[BlackElo "3148"]
[TimeControl "180+1"]
[EndTime "9:16:26 PDT"]
[Termination "Jospem won on time"]

1. e4 c6 2. d4 d5 3. e5 Bf5 4. h4 h5 5. Bd3 Bxd3 6. Qxd3 Qa5+ 7. b4 Qxb4+ 8. Nd2 e6 9. Rb1 Qe7 10. Ne2 Nh6 11. Nf3 b5 12. a4 a6 13. O-O Nd7 14. Ra1 Qd8 15. Bg5 Be7 16. Nf4 Ng4 17. Bxe7 Qxe7 18. axb5 cxb5 19. Qxb5 O-O 20. Rxa6 g6 21.
Rd6 Ndf6 22. Ng5 Rfb8 23. Qd3 Ne4 24. Nxg6 fxg6 25. Rxe6 Qg7 26. Nxe4 dxe4 27. Qxe4 Kh7 28. d5 Ra7 29. f3 Nh6 30. g4 hxg4 31. fxg4 Rab7 32.
h5 Rb4 33. c4 Qa7+ 34. Kh1 Kh8 35. Rxg6 Ng8 36. e6 Rb2 37. Qe5+ Kh7 38. Rf7+ Qxf7 39.
exf7 1-0

[Event "Early-Titled-Tuesday-Blitz-March-12-2024"]
[Site "Chess.com"]
[Date "2024.03.12"]
[Round "7"]
[White "sorch29"]
[Black "sansanathalia"]
[Result "0-1"]
[WhiteElo "2466"]
[BlackElo "2365"]
[TimeControl "180+1"]
[EndTime "9:16:26 PDT"]
[Termination "sansanathalia won on time"]

1. d4 Nf6 2. c4 e6 3. Nf3 d5 4.
cxd5 exd5 5. Nc3 Be7 6. Bf4 O-O 7. e3 c5 8. Be2 Nc6 9. O-O b6 10. Ne5 Bb7 11. Bf3 Rc8 12. Rc1 c4 13. Bg5 Na5 14. g3 a6 15. Bg2 b5 16. f4 Ne4 17. Bxe7 Qxe7 18. Nxe4 dxe4 19. f5 f6 20. Ng4 b4 21.
Rf4 c3 22. b3 Bd5 23. Nf2 Nb7 24. Bxe4 Bxe4 25. Rxe4 Qd7 26. g4 Nd6 27. Re6 Rfe8 28. Rxe8+ Rxe8 29. Qd3 a5 30. e4 Nb5 31. d5 Nd6 32.
Qd4 Qb5 33. h4 Qe2 34. Qc5 Nxe4 35. Nxe4 Qxg4+ 36. Kf1 Qxe4 37. Qf2 Qxd5 0-1

[Event "Early-Titled-Tuesday-Blitz-March-12-2024"]
[Site "Chess.com"]
[Date "2024.03.12"]
[Round "7"]
[White "Roedor"]
[Black "agvega14"]
[Result "1-0"]
[WhiteElo "2270"]
[BlackElo "2196"]
[TimeControl "180+1"]
[EndTime "9:16:26 PDT"]
[Termination "Roedor won by resignation"]

1. c4 e5 2. g3 Nc6 3. Bg2 Bc5 4. Nc3 d6 5. a3 a6 6. e3 Ba7 7. Nge2 h5 8. h3 f5 9. d4 h4 10. Bxc6+ bxc6 11. dxe5 dxe5 12. Qxd8+ Kxd8 13. b4 Be6 14. c5 Nf6 15. Bb2 Rb8 16. f4 hxg3 17. Nxg3 exf4 18. exf4 a5 19. O-O-O+ Kc8 20. Rd4 Rh4 21. Re1 Bd5 22. Nxf5 Rxh3 23. Nxg7 axb4 24. axb4 Rh2 25. Re2 Rxe2 26.
Nxe2 Kb7 27. Nc3 Rg8 28. Nf5 Rg1+ 29. Rd1 Rg2 30. Rd2 Rg1+ 31. Kc2 Bc4 32. Ne3 Bf7 33. Ne2 Re1 34. Bxf6 Bc4 35. Nc3 Ra1 36. f5 Bxc5 37.
bxc5 Ra3 38. Bd4 Bb3+ 39. Kd3 Ra8 40. Rb2 1-0

[Event "Early-Titled-Tuesday-Blitz-March-12-2024"]
[Site "Chess.com"]
[Date "2024.03.12"]
[Round "7"]
[White "guillembaches"]
[Black "Hamisandwich"]
[Result "0-1"]
[WhiteElo "2542"]
[BlackElo "2715"]
[TimeControl "180+1"]
[EndTime "9:16:27 PDT"]
[Termination "Hamisandwich won on time"]

1. d4 Nf6 2. Nf3 e6 3. Bg5 c5 4. e3 Qb6 5. Bxf6 gxf6 6. Nbd2 d5 7. Rb1 cxd4 8. exd4 Nc6 9. c3 e5 10. Be2 Bf5 11. Ra1 Qxb2 12. O-O Qxc3 13. dxe5 fxe5 14. Rc1 Qa3 15. Bb5 Bd6 16. Re1 e4 17. Nd4 Bd7 18. Nxc6 bxc6 19. Bxc6 Bxc6 20. Rxc6 Be7 21. Qg4 Qb4 22.
Qg7 Rf8 23. Rd1 Qa4 24. Rdc1 Rd8 25. Qe5 f6 26. Qe6 Rf7 27. Rc7 Qd4 28. Rxe7+ Rxe7 29. Nb3 Rxe6 30. Nxd4 Ra6 31. Nf5 Rxa2 32. g4 Rd7 33. Rc8+ Kf7 34. Rh8 d4 35. Rxh7+ Ke6 36. Rh8 Ke5 37.
Re8+ Kf4 38. h3 e3 39. Kg2 Rxf2+ 0-1

[Event "Early-Titled-Tuesday-Blitz-March-12-2024"]
[Site "Chess.com"]
[Date "2024.03.12"]
[Round "7"]
[White "AccioChess"]
[Black "Kotlyar_K"]
[Result "1-0"]
[WhiteElo "2429"]
[BlackElo "2578"]
[TimeControl "180+1"]
[EndTime "9:16:27 PDT"]
[Termination "AccioChess won by checkmate"]

1. Nf3 Nf6 2. g3 e6 3. Bg2 Be7 4. O-O O-O 5. b3 d5 6. Bb2 b5 7.
c4 bxc4 8. bxc4 Bb7 9. cxd5 Bxd5 10. Nc3 c6 11. d3 c5 12. Rc1 Nbd7 13. Nxd5 exd5 14.
Ne5 Qb8 15. Nxd7 Nxd7 16. Ba1 Qd6 17. e4 d4 18. f4 Rab8 19. e5 Qa6 20. Qc2 Nb6 21.
Rce1 Qa4 22. Qd2 a5 23. f5 Qb4 24. Qf4 f6 25. e6 Na4 26. Qc7 Rfe8 27. Bc6 Rbc8 28.
Qd7 Nb6 29. Qb7 Rb8 30. Qa7 c4 31. Bxe8 Rxe8 32. Rb1 Qd2 33. Qxb6 Qxd3 34. Qc6 Qe3+ 35. Kh1 Rd8 36. Rbe1 Qd3 37. Rd1 Qe3 38. Rfe1 Qg5 39. Rxd4 Qxf5 40. Rxd8+ Bxd8 41. Qe8# 1-0

[Event "Early-Titled-Tuesday-Blitz-March-12-2024"]
[Site "Chess.com"]
[Date "2024.03.12"]
[Round "7"]
[White "Semen_Khanin"]
[Black "ChessLover0108"]
[Result "1-0"]
[WhiteElo "2902"]
[BlackElo "2940"]
[TimeControl "180+1"]
[EndTime "9:16:28 PDT"]
[Termination "Semen_Khanin won on time"]

1. e4 c5 2. Nf3 d6 3. Bb5+ Bd7 4. Bxd7+ Nxd7 5. c3 Ngf6 6. Qe2 e6 7. O-O Be7 8.
d4 O-O 9. Rd1 Rc8 10. Bg5 cxd4 11. cxd4 d5 12. e5 Ne4 13. Bxe7 Qxe7 14. Ne1 f5 15.
exf6 Qxf6 16. f3 Nd6 17. Nc3 Nf5 18. Nc2 Nb6 19. Qf2 Nc4 20. Rab1 Rf7 21. Ne2 Rfc7 22. b3 Nb2 23. Rxb2 Rxc2 24. Rxc2 Rxc2 25. a4 h6 26. Qe1 Qg5 27. Ng3 Nh4 28. Qxe6+ Kh7 29. Kh1 Rxg2 30. Rf1 Qd2 31. Qh3 Ng6 32. Qxg2 Qxd4 33.
f4 Nh4 34. Qc2+ Kg8 35. Qe2 Qc3 36. f5 d4 37. Qe4 1-0